 Dungeon Crawl Stone Soup version 0.23.2-30-g0e89c35649 (webtiles) character file.

Game seed: 13828919440575625749

121700 upsilon the Severer (level 17, 0/138 HPs)
             Began as a Formicid Fighter on June 9, 2019.
             Was the Champion of Qazlal.
             Killed from afar by Nikola (6 damage)
             ... with a chain lightning
             ... on level 2 of the Spider Nest.
             The game lasted 00:55:09 (30221 turns).

upsilon the Severer (Formicid Fighter)             Turns: 30221, Time: 00:55:11

Health: 0/138      AC: 25    Str: 29    XL:     17   Next: 40%
Magic:  20/27      EV:  7    Int: 10    God:    Qazlal [******]
Gold:   2553       SH: 28    Dex: 10    Spells: 16/16 levels left

rFire    . . .     SeeInvis +   a - +3 broad axe (chop)
rCold    . . .     Gourm    .   Q - +0 large shield {rN+}
rNeg     + . .     Faith    .   w - +0 plate armour
rPois    +         Spirit   .   (helmet unavailable)
rElec    +         Reflect  .   c - +2 cloak {+Inv}
rCorr    .         Harm     .   (no gloves)
MR       +++..                  i - +2 pair of boots
Stlth    ..........             M - amulet of regeneration
HPRegen  0.73/turn              P - ring of poison resistance
MPRegen  0.20/turn              A - +3 ring of protection

@: mighty, lethally poisoned (0 -> 0), protected from electricity, repel
missiles
A: permanent stasis, dig shafts and tunnels, four strong arms, antennae 3, magic
resistance 2, weak 1
a: Dig, Shaft Self, Upheaval, Elemental Force, Disaster Area, Renounce Religion,
Evoke Invisibility


You were on level 2 of the Spider Nest.
You worshipped Qazlal.
Qazlal was exalted by your worship.
You were not hungry.

You visited 5 branches of the dungeon, and saw 26 of its levels.
You also visited: Sewer.

You collected 2937 gold pieces.
You spent 384 gold pieces at shops.

Inventory:

Hand Weapons
 a - a +3 broad axe of chopping (weapon)
 b - a +2 scimitar of flaming
 o - a +2 war axe
 U - the +5 scythe "Finisher" {speed, eviscerate}
   (You found it on level 6 of the Lair of Beasts)

   Attacks with this weapon are significantly faster.
Missiles
 B - 4 javelins of returning
 I - a throwing net (quivered)
Armour
 c - a +2 cloak of invisibility (worn)
 i - a +2 pair of boots (worn)
 w - a +0 plate armour (worn)
 Q - a +0 large shield of positive energy (worn)
Jewellery
 n - an uncursed ring of flight
 p - an uncursed ring of positive energy
 A - a +3 ring of protection (right hand)
 G - an uncursed ring of positive energy
 M - an amulet of regeneration (around neck)
 P - a ring of poison resistance (left hand)
 V - a +2 ring of evasion
Wands
 q - a wand of random effects (39)
 s - a wand of enslavement (14)
 x - a wand of polymorph (44)
 y - a wand of clouds (10)
 F - a wand of scattershot (7)
 R - a wand of flame (18)
 S - a wand of acid (3)
 W - a wand of digging (3)
Scrolls
 k - 6 scrolls of identify
 l - 4 scrolls of noise
 m - 5 scrolls of fear
 r - 11 scrolls of remove curse
 t - 4 scrolls of immolation
 v - 4 scrolls of enchant armour
 K - 2 scrolls of magic mapping
 O - a scroll of amnesia
Potions
 d - 4 potions of might
 e - 2 potions of invisibility
 g - 2 potions of brilliance
 h - 2 potions of heal wounds
 j - a potion of ambrosia
 u - 2 potions of magic
 z - 2 potions of agility
 C - 12 potions of curing
 D - 7 potions of flight
 E - 2 potions of mutation
 H - a potion of cancellation
 L - a potion of resistance
 X - a potion of lignification {unknown}
Miscellaneous
 N - a phantom mirror
 T - a phial of floods
Comestibles
 f - 45 rations
 J - 9 chunks of flesh


   Skills:
 + Level 13.9 Fighting
 + Level 0.6 Long Blades
 + Level 18.5 Axes
 + Level 12.0 Armour
 - Level 0.6 Stealth
 + Level 13.0 Shields
 * Level 13.3 Invocations


You had 16 spell levels left.
You didn't know any spells.
Your spell library contained the following spells:

 Spells                   Type           Power        Failure   Level  Hunger
 Animate Skeleton         Necr           N/A          99%         1    ##.....
 Apportation              Tloc           #.....       99%         1    ##.....
 Confusing Touch          Hex            #.....       99%         1    ##.....
 Magic Dart               Conj           #...         99%         1    ##.....
 Summon Small Mammal      Summ           #...         99%         1    ##.....
 Searing Ray              Conj           #.....       99%         2    ###....
 Dazzling Spray           Conj/Hex       #.....       100%        3    ####...
 Ignite Poison            Fire/Tmut/Pois #.......     100%        3    ####...
 Force Lance              Conj/Tloc      #.......     100%        4    #####..
 Fulminant Prism          Conj/Hex       #.........   100%        4    #####..
 Iskenderun's Mystic Bla  Conj           #.......     100%        4    #####..
 Fireball                 Conj/Fire      #.........   100%        5    ######.
 Bolt of Fire             Conj/Fire      #.........   100%        6    #######
 Ring of Flames           Chrm/Fire      #.........   100%        7    #######
 Ignition                 Fire           #.........   100%        8    #######


Dungeon Overview and Level Annotations

Branches:
Dungeon (15/15)            Temple (1/1) D:6            Lair (6/6) D:8
 Shoals (0/4) Lair:4       Spider (2/4) Lair:3        Slime (0/5) Lair:6
    Orc (2/2) D:10            Elf (0/3) Orc:2        Vaults (0/5) D:13
 Depths (0/5) D:15

Altars:
Ashenzari
Cheibriados
Dithmenos
Elyvilon
Fedhas
Gozag
Hepliaklqana
Kikubaaqudgha
Makhleb
Nemelex Xobeh
Okawaru
Qazlal
Ru
Sif Muna
Trog
Uskayaw
Vehumet
Wu Jian
Xom
Yredelemnul
Zin
The Shining One

Shops:
D:6 [   D:8 !   D:14 (   Orc:2 *=(%[

Portals:
Trove: D:13 (give 2 scrolls of acquirement)

Annotations:
D:4 2 runed translucent doors, solus13's ghost, amateur TrMo
D:11 exclusion: 2 downstairs
Spider:1 exclusion: 2 downstairs
Spider:2 Nikola
Orc:1 2 transporters, grocchini's ghost, journeyman DsFE


Innate Abilities, Weirdness & Mutations

You cannot be hasted, slowed, berserked, paralysed or teleported.
You can dig through walls and to a lower floor.
Your four strong arms can wield two-handed weapons with a shield.
You have a pair of large antennae on your head. (SInv)
You are highly resistant to hostile enchantments. (MR++)
You are weak. (Str -2)


Message History

The redback bites you but does no damage.
You hit Nikola.
Nikola is severely wounded.
You closely miss the redback. You hit the redback. You barely miss the redback.
You block the redback's attack.
The redback bites you but does no damage.
You block the redback's attack.
Nikola is engulfed in freezing vapours.
Nikola mumbles some strange words.
You hear a mighty clap of thunder!
The lightning arc hits you! You resist.
* * * LOW HITPOINT WARNING * * *
The lightning arc hits the redback!!
The redback dies!
The lightning arc hits you! You resist.
You feel more protected from electricity.
* * * LOW HITPOINT WARNING * * *
The lightning arc hits the redback!!
The redback dies!
The lightning arc hits you. You resist.
You die...

..#>.........## ....#
≈###.....†?...#......
..##....††....##....
≈≈....#......###..#
#≈.....#.....##...#
#≈..?..#...†#.^...##
≈≈..####.......○.§.###..
≈≈.. #^...#..§s..☼...|.
#≈.. ###.###..†@..##..
≈≈. ### ##.##@§.# #..
### ○...... # ..)##^.
...# . # .... ..##? ..#
..


You could see Nikola and a redback.

Vanquished Creatures
  Gastronok (D:12)
  Frances (Spider:2)
  2 ghost moths (Spider:2)
  An orc warlord (Orc:1)
  Azrael (D:15)
  Erolcha (D:12)
  2 centaur warriors (D:14)
  4 hydras
  23 two-headed ogres
  A tengu warrior (D:14)
  14 death yaks
  7 ogre magi
  Urug (Orc:1)
  Sonja (Orc:1)
  Nergalle (Lair:3)
  A skeletal warrior (D:13)
  A death drake (shapeshifter) (D:15)
  2 deep elf magi
  3 orc knights
  6 orb spiders
  4 orc sorcerers
  4 cyclopes
  7 wolf spiders
  A manticore (D:12)
  7 ugly things
  A moth of wrath (Spider:1)
  2 torpor snails
  3 centaur zombies
  16 spiny frogs
  4 black mambas
  2 gargoyles
  2 naga magi (D:15)
  6 centaur skeletons
  8 demonic crawlers
  3 yaktaurs (D:13)
  4 komodo dragons
  A merfolk (shapeshifter) (D:15)
  14 jumping spiders
  3 trolls
  6 polar bears
  A wolf spider simulacrum (D:14)
  7 hornets
  11 hippogriffs
  9 blink frogs
  16 spriggans
  A shadow (D:11)
  13 tarantellas
  45 redbacks
  2 wyverns
  31 yaks
  A vampire (D:14)
  2 wraiths
  3 fire elementals (D:15)
  8 basilisks
  A human (D:11)
  A hungry ghost (D:13)
  8 vampire mosquitoes
  3 insubstantial wisps (D:14)
  5 wargs (Orc:1)
  A hell hound (D:15)
  2 acid dragons
  10 water moccasins
  10 porcupines
  24 orc warriors
  A black bear (Lair:6)
  A hornet zombie (D:12)
  2 sky beasts
  An eye of draining (D:13)
  4 ice beasts
  36 ogres
  4 boggarts (Lair:6)
  2 necrophages
  28 wolves
  2 centaurs
  15 crocodiles
  Blork the orc (D:6)
  9 big kobolds
  10 bullfrogs
  A wyvern zombie (D:14)
  6 scorpions
  3 wyvern skeletons
  16 killer bees
  12 wights
  2 howler monkeys
  6 electric eels
  3 crimson imps
  2 quasits (D:10)
  2 bullfrog zombies
  3 jellies
  3 bullfrog skeletons
  22 orc priests
  A hound (D:6)
  23 orc wizards
  Jessica (D:2)
  Natasha (thrice) (D:2)
  3 iguanas
  8 worker ants
  2 hound skeletons
  A howler monkey zombie (D:9)
  8 adders
  9 gnolls
  3 shadow imps
  12 white imps (D:11)
  4 oozes
  2 worms (Lair:3)
  A dart slug (D:1)
  10 leopard geckos
  102 orcs
  7 bats
  9 giant cockroaches
  33 goblins
  32 hobgoblins
  13 jackals
  25 kobolds
  5 quokkas
  A ball python (Sewer)
  8 frilled lizards
  10 rats
  A fungus (Lair:2)
  5 plants
926 creatures vanquished.

Vanquished Creatures (collateral kills)
  A hydra (D:14)
  2 two-headed ogres (D:15)
  A hippogriff (D:14)
  A redback (Spider:2)
  2 ogres (D:15)
7 creatures vanquished.

Vanquished Creatures (others)
  A jumping spider (Spider:2)
  2 redbacks (Spider:2)
  An orc warrior (Orc:2)
  A worker ant zombie (D:11)
  4 fungi
  17 plants
26 creatures vanquished.

Grand Total: 959 creatures vanquished

Notes
Turn   | Place    | Note
-------+----------+-------------------------------------------
     0 | D:1      | upsilon the Formicid Fighter began the quest for the Orb.
     0 | D:1      | Reached XP level 1. HP: 18/18 MP: 1/1
    55 | D:1      | Reached XP level 2. HP: 14/24 MP: 2/2
   835 | D:1      | Reached XP level 3. HP: 29/29 MP: 3/3
  1361 | D:2      | Noticed Jessica
  1370 | D:2      | Killed Jessica
  1370 | D:2      | Reached XP level 4. HP: 18/35 MP: 4/4
  1686 | D:2      | Noticed Natasha
  1690 | D:2      | Killed Natasha
  1690 | D:2      | Reached skill level 3 in Axes
  1703 | D:2      | Noticed Natasha
  1716 | D:2      | Killed Natasha
  1716 | D:2      | Reached XP level 5. HP: 32/41 MP: 5/5
  2017 | D:2      | Found a faded altar of an unknown god.
  2045 | D:2      | Reached skill level 5 in Shields
  2083 | D:2      | Found an iron altar of Okawaru.
  2212 | D:2      | Noticed Natasha
  2241 | D:2      | Killed Natasha
  2241 | D:2      | Reached XP level 6. HP: 28/48 MP: 6/6
  2918 | D:2      | Found a burning altar of Makhleb.
  2918 | D:2      | Noticed a cacodemon
  3157 | D:3      | Found an ancient bone altar of Kikubaaqudgha.
  3538 | D:3      | Reached skill level 4 in Axes
  4393 | D:4      | Found a large runed translucent door.
  4393 | D:4      | Found a large runed translucent door.
  4395 | D:4      | Noticed solus13's ghost (amateur TrMo)
  4611 | D:4      | Noticed an ogre
  4617 | D:4      | Killed an ogre
  4617 | D:4      | Reached XP level 7. HP: 45/54 MP: 7/7
  4755 | D:4      | Reached skill level 5 in Armour
  4980 | D:4      | Reached skill level 5 in Axes
  4985 | D:4      | Found a glowing golden altar of the Shining One.
  5250 | D:5      | Entered Level 5 of the Dungeon
  5659 | D:5      | Found a shimmering altar of Xom.
  5666 | D:5      | Found a hide-covered altar of Uskayaw.
  5927 | D:5      | Found a snail-covered altar of Cheibriados.
  6078 | D:5      | Found a blossoming altar of Fedhas.
  6243 | D:6      | Reached XP level 8. HP: 33/61 MP: 3/8
  6473 | D:6      | Found a glowing drain.
  6482 | Sewer    | Entered a sewer
  6576 | Sewer    | Reached skill level 6 in Axes
  7067 | D:6      | Found a sparkling altar of Nemelex Xobeh.
  7120 | D:6      | Noticed Blork the orc
  7130 | D:6      | Killed Blork the orc
  7159 | D:6      | Found a staircase to the Ecumenical Temple.
  7239 | Temple   | Entered the Ecumenical Temple
  7400 | Temple   | Became a worshipper of Qazlal Stormbringer
  7772 | D:6      | Found Tabudyff's Armour Shop.
  7871 | D:6      | Reached skill level 5 in Fighting
  7871 | D:6      | Reached skill level 7 in Axes
  7886 | D:6      | Found a shadowy altar of Dithmenos.
  7944 | D:6      | Reached XP level 9. HP: 68/68 MP: 9/9
  8350 | D:6      | Reached * piety under Qazlal
  8431 | D:6      | Reached skill level 8 in Axes
  8571 | D:6      | Reached ** piety under Qazlal
  9582 | D:7      | Reached skill level 9 in Axes
 10041 | D:8      | Found a staircase to the Lair.
 10140 | D:8      | Reached XP level 10. HP: 76/76 MP: 10/10
 10288 | D:8      | Found Dyuxt's Distillery.
 10297 | D:8      | Bought a potion of mutation for 120 gold pieces
 10297 | D:8      | Gained mutation: You are weak. (Str -2) [potion of
                  | mutation]
 10297 | D:8      | Gained mutation: You are resistant to hostile enchantments.
                  | (MR+) [potion of mutation]
 10297 | D:8      | Gained mutation: You are highly resistant to hostile
                  | enchantments. (MR++) [potion of mutation]
 10499 | D:9      | Reached *** piety under Qazlal
 10532 | D:9      | You fall through a shaft for 3 floors!
 10549 | D:12     | Reached skill level 10 in Axes
 10686 | D:12     | Noticed a five-headed hydra
 10733 | D:12     | Noticed a two-headed ogre
 10749 | D:11     | Noticed a brown ugly thing
 10763 | D:10     | Entered Level 10 of the Dungeon
 10769 | D:10     | Killed a brown ugly thing
 11129 | D:9      | Found a shattered altar of Ashenzari.
 11141 | D:9      | Reached **** piety under Qazlal
 11141 | D:9      | Reached skill level 11 in Axes
 12184 | D:10     | Noticed a gargoyle
 12193 | D:10     | Killed a gargoyle
 12193 | D:10     | Reached XP level 11. HP: 80/84 MP: 11/11
 12282 | D:10     | Noticed a cyclops
 12301 | D:10     | Killed a cyclops
 12615 | D:10     | Reached skill level 1 in Invocations
 12964 | D:10     | Found a staircase to the Orcish Mines.
 13337 | D:11     | Killed a two-headed ogre
 13337 | D:11     | Reached skill level 12 in Axes
 13406 | D:11     | Noticed a deep elf mage
 13416 | D:11     | Killed a deep elf mage
 13668 | D:11     | Identified the +9 glaive of Immorality {pain, +Rage MR++}
 14236 | D:12     | Noticed Gastronok
 14251 | D:12     | Killed Gastronok
 14251 | D:12     | Reached XP level 12. HP: 16/94 MP: 2/15
 14321 | D:12     | Noticed Erolcha
 14670 | D:12     | Killed Erolcha
 14670 | D:12     | Reached skill level 13 in Axes
 14952 | D:12     | Killed a nine-headed hydra
 14952 | D:12     | Reached skill level 5 in Invocations
 15345 | D:13     | Reached ***** piety under Qazlal
 15508 | D:13     | Found a portal to a secret trove of treasure.
 15916 | D:13     | Noticed a two-headed ogre
 15934 | D:13     | Killed a two-headed ogre
 16164 | D:13     | Noticed an ogre mage
 16174 | D:13     | Reached skill level 14 in Axes
 16175 | D:13     | Killed an ogre mage
 16182 | D:13     | Noticed a skeletal warrior
 16197 | D:13     | Killed a skeletal warrior
 16234 | D:13     | Found a gate to the Vaults.
 16639 | D:14     | Noticed a six-headed hydra
 16641 | D:14     | Noticed a centaur warrior
 16655 | D:14     | Reached XP level 13. HP: 57/103 MP: 18/18
 16656 | D:14     | Killed a centaur warrior
 16661 | D:14     | Killed a 14-headed hydra
 16661 | D:14     | Reached skill level 10 in Fighting
 16829 | D:13     | Reached skill level 15 in Axes
 17459 | D:14     | Noticed a centaur warrior
 17460 | D:14     | Found Val Moti's Weapon Shop.
 17469 | D:14     | Killed a centaur warrior
 18194 | D:15     | Entered Level 15 of the Dungeon
 18531 | D:15     | Reached XP level 14. HP: 59/112 MP: 16/20
 18577 | D:15     | HP: 2/113 [11-headed hydra (11)]
 19059 | D:15     | Noticed Azrael
 19095 | D:15     | Killed Azrael
 19095 | D:15     | Reached skill level 10 in Armour
 19569 | D:15     | Reached skill level 16 in Axes
 19704 | D:15     | Found a staircase to the Depths.
 19928 | Lair:1   | Entered Level 1 of the Lair of Beasts
 20477 | Lair:1   | Found a stormy altar of Qazlal.
 21002 | Lair:2   | Reached skill level 10 in Invocations
 22150 | Lair:3   | Found a hole to the Spider Nest.
 22248 | Lair:3   | Reached ****** piety under Qazlal
 22465 | Lair:3   | Noticed Nergalle
 22485 | Lair:3   | Killed Nergalle
 22766 | Lair:4   | Reached XP level 15. HP: 113/120 MP: 22/22
 22810 | Lair:4   | Found a staircase to the Shoals.
 23130 | Lair:4   | Reached skill level 17 in Axes
 24304 | Lair:5   | Identified the +4 mace "Hellblazer" {flame, rPois Int+2}
                  | (You found it on level 5 of the Lair of Beasts)
 25014 | Lair:6   | Entered Level 6 of the Lair of Beasts
 25201 | Lair:6   | Reached skill level 10 in Shields
 25673 | Lair:6   | Found the +5 scythe "Finisher" {speed, eviscerate}
 25916 | Lair:6   | Found a staircase to the Slime Pits.
 26352 | Orc:1    | Entered Level 1 of the Orcish Mines
 26361 | Orc:1    | Reached XP level 16. HP: 119/129 MP: 24/24
 26384 | Orc:1    | Found a shimmering altar of Xom.
 26428 | Orc:1    | Noticed Urug
 26440 | Orc:1    | Killed Urug
 26593 | Orc:1    | Noticed Sonja
 26620 | Orc:1    | Killed Sonja
 26690 | Orc:1    | Found a transporter.
 26784 | Orc:1    | Found a transporter.
 26805 | Orc:1    | Noticed grocchini's ghost (journeyman DsFE)
 26994 | Orc:2    | Entered Level 2 of the Orcish Mines
 26995 | Orc:2    | Found Qukh's Mass Market.
 27143 | Orc:2    | Reached skill level 18 in Axes
 27664 | Orc:2    | Found a staircase to the Elven Halls.
 27852 | Orc:2    | Found Kudenita's Armour Shoppe.
 27852 | Orc:2    | Found Vachigats's Weapon Shop.
 27853 | Orc:2    | Found Woanwiom's Food Shop.
 27853 | Orc:2    | Found Xadaff's Jewellery Emporium.
 28302 | Orc:2    | Bought a +1 cloak of invisibility for 264 gold pieces
 28469 | Spider:1 | Entered Level 1 of the Spider Nest
 29044 | Spider:1 | Reached XP level 17. HP: 101/137 MP: 26/26
 30108 | Spider:2 | Noticed Frances
 30129 | Spider:2 | Killed Frances
 30189 | Spider:2 | Noticed Nikola
 30221 | Spider:2 | HP: 6/138 [Nikola/chain lightning (8)]
 30221 | Spider:2 | Killed from afar by Nikola

Skill      XL: |  1  2  3  4  5  6  7  8  9 10 11 12 13 14 15 16 17 |
---------------+----------------------------------------------------+-----
Shields        | 4 5 6 7 8 9 10 12 13 | 13.0
Axes           | 3 4 5 7 9 11 12 14 15 16 17 18 | 18.5
Armour         | 4 5 6 7 8 9 10 11 12 | 12.0
Fighting       | 4 5 7 8 9 11 12 13 | 13.9
Invocations    | 4 6 8 10 11 12 13 | 13.3
Long Blades    | |  0.6
Stealth        | |  0.6

Action                   |  1- 3 |  4- 6 |  7- 9 | 10-12 | 13-15 | 16-18 || total
-------------------------+-------+-------+-------+-------+-------+-------++-------
Melee: War axe           |    97 |   199 |   494 |   165 |       |       ||   955
       Broad axe         |       |       |       |   390 |  1051 |   597 ||  2038
       Scimitar          |       |       |       |       |    12 |       ||    12
Throw: Throwing net      |       |       |     1 |       |       |       ||     1
Invok: Elemental Force   |       |       |       |       |     2 |     1 ||     3
       Upheaval          |       |       |       |       |       |     1 ||     1
  Use: Potion            |       |     1 |     1 |     2 |     3 |     2 ||     9
       Scroll            |       |       |    17 |     9 |    12 |     2 ||    40
 Stab: Distracted        |       |       |       |       |     1 |       ||     1
  Eat: Chunk             |     1 |     8 |    18 |    21 |    22 |    11 ||    81
       Ration            |       |     1 |       |       |     3 |     1 ||     5
Armor: Scale mail        |    52 |       |       |       |       |       ||    52
       Chain mail        |     3 |    92 |   239 |    85 |       |       ||   419
       Plate armour      |       |       |       |   140 |   384 |   199 ||   723
Dodge: Dodged            |    38 |    46 |   154 |   132 |   121 |    49 ||   540
       Deflected         |       |       |     7 |     5 |     3 |     1 ||    16
Block: Shield            |    62 |   111 |   308 |   474 |   550 |       ||  1505
       Large shield      |       |       |       |       |   395 |   623 ||  1018
       Rpst.: Scimitar   |       |       |       |       |     1 |       ||     1
